 Dungeon Crawl Stone Soup version 0.18.1-5-g4a78601 (webtiles) character file.

96992 imganon the Severer (level 15, -2/119 HPs)
             Began as a Demonspawn Berserker on May 11, 2016.
             Was the Champion of Trog.
             Shot with a bolt by a yaktaur (3 damage)
             ... on level 15 of the Dungeon.
             The game lasted 01:02:42 (21948 turns).

imganon the Severer (Demonspawn Berserker)         Turns: 21948, Time: 01:02:43

Health: -2/119     AC: 21    Str: 30    XL:     15   Next: 70%
Magic:  0/13       EV:  9    Int:  3    God:    Trog [******]
Gold:   2490       SH:  0    Dex: 16    Spells: 0 memorised, 14 levels left

rFire  + . .     SeeInvis .     R - +6 battleaxe (antimagic)
rCold  + . .     Gourm    .     E - +1 plate armour of the Pink Corner {rC+ rN++ rCorr Int-2} (curse)
rNeg   + + +     Faith    +     (shield currently unavailable)
rPois  +         Spirit   +     (helmet restricted)
rElec  +         Dismiss  .     m - +0 cloak of Midwinter {rPois rN+ MP+9 Int-3}
rCorr  +         Reflect  .     l - +0 pair of gloves "Igou" {rElec rCorr Str+5 Dex+4}
SustAt .         Harm     .     (no boots)
MR     ++...                    H - amulet of faith
Stlth  ..........               y - ring of magical power
                                f - ring of protection from magic

@: very resistant to hostile enchantments, extremely unstealthy
A: horns 2, yellow scales 2, fire resistance 1, powered by death 2, magic
shield, magic regeneration
a: Berserk, Trog's Hand, Brothers in Arms, Burn Spellbooks, Renounce Religion


You were on level 15 of the Dungeon.
You worshipped Trog.
Trog was exalted by your worship.
You were not hungry.

You visited 3 branches of the dungeon, and saw 25 of its levels.
You also visited: Labyrinth.

You collected 2807 gold pieces.
You spent 317 gold pieces at shops.

Inventory:

Hand Weapons
 N - the +5 battleaxe of Temperance {flame, Int+7 Stlth+}
   (Trog gifted it to you on level 1 of the Orcish Mines)

   It has been specially enchanted to burn those struck by it, causing extra
   injury to most foes and up to half again as much damage against particularly
   susceptible opponents.
   Big, fiery blades are also staple armaments of hydra-hunters.
   It affects your intelligence (+7).
   It makes you more stealthy.
 R - a +6 antimagic battleaxe (weapon)
Missiles
 u - 8 poisoned tomahawks (quivered)
Armour
 l - the +0 pair of gloves "Igou" (worn) {rElec rCorr Str+5 Dex+4}
   (You found it on level 4 of the Lair of Beasts)

   It affects your strength (+5).
   It affects your dexterity (+4).
   It insulates you from electricity.
   It protects you from acid and corrosion.
 m - the +0 cloak of Midwinter (worn) {rPois rN+ MP+9 Int-3}
   (You found it in a labyrinth)

   It affects your intelligence (-3).
   It protects you from poison.
   It protects you from negative energy.
   It affects your magic capacity (+9).
 E - the cursed +1 plate armour of the Pink Corner (worn) {rC+ rN++ rCorr Int-2}
   (You found it on level 14 of the Dungeon)

   It affects your intelligence (-2).
   It protects you from cold.
   It greatly protects you from negative energy.
   It protects you from acid and corrosion.
   It has a curse placed upon it.
Rods
 J - a -1 rod of shadows (14/14)
   (You found it in a labyrinth)
Jewellery
 a - an uncursed ring of protection from fire {unknown}
 b - an uncursed ring of stealth {unknown}
 f - a ring of protection from magic (left hand)
 o - a cursed ring of teleportation {unknown}
 r - an uncursed ring of protection from cold
 s - an uncursed amulet of magic regeneration {unknown}
 y - a ring of magical power (right hand)
 C - a cursed -3 ring of strength {unknown}
 H - an amulet of faith (around neck)
 O - an uncursed amulet of the gourmand {unknown}
 S - an uncursed amulet of guardian spirit {unknown}
Wands
 w - a wand of polymorph (9/24)
 x - a wand of teleportation (2/9)
 z - a wand of enslavement (18/24)
 F - a wand of random effects (17/48)
 G - a wand of slowing (17/48)
 M - a wand of digging (16/24)
 T - a wand of paralysis (11/24)
 U - a wand of confusion (7/48)
 V - a wand of acid (12/15)
 X - a wand of digging (11/24)
 Z - a wand of lightning (10/15)
Scrolls
 d - a scroll of enchant armour
 e - 3 scrolls of magic mapping
 i - 7 scrolls of teleportation
 j - 13 scrolls of identify
 k - 4 scrolls of recharging
 p - 14 scrolls of remove curse
 v - a scroll of enchant weapon
 P - a scroll of blinking
 Q - 3 scrolls of fear
Potions
 g - 6 potions of curing
 h - 3 potions of magic
 q - 5 potions of agility
 t - 5 potions of flight
 B - 2 potions of cancellation
 D - a potion of invisibility
 I - 2 potions of haste
 K - a potion of cure mutation
 W - 2 potions of heal wounds
 Y - 2 potions of might
Comestibles
 c - 14 bread rations
 n - 11 meat rations
 A - 20 fruits


   Skills:
 - Level 11.4 Fighting
 + Level 18.8 Axes
 - Level 10.1 Armour
 - Level 1.7 Dodging
 - Level 10.7 Evocations


You had 14 spell levels left.
You didn't know any spells.

Dungeon Overview and Level Annotations

Branches:
Dungeon (15/15)            Temple (0/1) D:4            Lair (8/8) D:10
  Swamp (0/4) Lair:6       Spider (0/4) Lair:3        Slime (0/6) Lair:8
    Orc (2/2) D:10            Elf (0/3) Orc:2        Vaults (0/5) D:14
 Depths: D:15

Altars:
Cheibriados
Dithmenos
Fedhas
Kikubaaqudgha
Nemelex Xobeh
Okawaru
Ru
Sif Muna
Vehumet
Xom
Jiyva

Shops:
D:4 ?   D:7 %   D:10 :%(}   Orc:2 [(:%

Annotations:
Lair:1 exclusion: oklob plant
Lair:7 exclusion: oklob plant


Innate Abilities, Weirdness & Mutations

You have a pair of horns on your head.
You are mostly covered in yellow scales (AC +3).
Your flesh is heat resistant.
You regenerate health from kills.
When hurt, damage is shared between your health and your magic reserves.
You regenerate magic rapidly.


Message History

The yaktaur shoots a bolt.
The bolt hits you!
The yaktaur shoots a bolt.
The bolt hits you but does no damage.
The yaktaur shoots a bolt.
The bolt barely misses you. The hill giant completely misses you.
You see here a bolt.
You slash the hill giant!
The hill giant is moderately wounded.
The yaktaur shoots a bolt.
The bolt hits you! The bolt burns you.
The yaktaur shoots a bolt.
The bolt hits you but does no damage.
The yaktaur shoots a bolt.
The bolt closely misses you.
The yaktaur wields an arbalest.
The yaktaur shoots a bolt.
The bolt hits you!
Unknown command.
A centaur skeleton comes into view.
The hill giant hits you with a giant spiked club!!
* * * LOW HITPOINT WARNING * * *
The yaktaur shoots a bolt.
The bolt hits you!!
* * * LOW HITPOINT WARNING * * *
The yaktaur shoots a bolt.
The bolt hits you!
* * * LOW HITPOINT WARNING * * *
The bolt burns you.
You die...

....... .. .......
Z... .......#####....
...ccc.........
...c..........#
...c........# #
#.........############
#..@......#........#
#..C((....#........#
##+#.((...#.........
#......#........#
#......#........#
#......#####....#
.............#....#
..............#....#
..............#....#


You could see a hill giant, 5 yaktaurs and a centaur skeleton.

Vanquished Creatures
  Kirke (D:13)
  Maud (D:13)
  The ghost of Bubs the Blocker, a journeyman FoFi of Qazlal (D:12)
  A stone giant (Orc:2)
  Nessos (D:14)
  Snorg (Lair:8)
  A fire dragon (Lair:8)
  Fannar (D:10)
  A minotaur (Lab)
  7 hydras
  An ice dragon (Lair:7)
  4 ogre magi (Orc:2)
  2 dancing weapons (D:14)
  Erica (Orc:1)
  A queen ant (Lair:7)
  A tengu warrior (D:15)
  The ghost of zkyp the Fighter, a novice OgFi of Qazlal (D:7)
  A deep elf knight (D:14)
  A fire crab (Lair:8)
  An unseen horror (D:11)
  The ghost of BenSoosneb the Nimble, a novice SpEn of Vehumet (D:10)
  8 hill giants
  3 deep elf archers (D:14)
  An oklob plant (Lair:2)
  3 orc knights
  2 cyclopes
  A manticore (D:11)
  A griffon (Lair:7)
  2 orc sorcerers
  15 deep elf magi (D:14)
  21 elephants
  6 black mambas
  15 spiny frogs
  2 gargoyles
  13 komodo dragons
  2 rime drakes
  9 trolls
  15 two-headed ogres (Orc:2)
  A polar bear (Lair:6)
  Grinder (D:6)
  Prince Ribbit (D:6)
  8 blink frogs
  9 slime creatures
  The ghost of bollicks1999 the Covert, an amateur OpAs (D:5)
  A spriggan (D:10)
  A redback (Lab)
  A shadow (Lab)
  A wraith (D:14)
  30 yaks
  A hungry ghost (D:10)
  A wyvern (D:12)
  2 fire elementals (D:13)
  7 basilisks
  A fire bat (shapeshifter) (D:13)
  4 hogs (D:13)
  4 steam dragons
  12 hippogriffs
  Menkaure (D:6)
  4 wargs
  A mottled dragon (Lair:8)
  5 swamp worms (Lair:6)
  15 water moccasins
  17 porcupines
  21 soldier ants
  21 orc warriors
  3 swamp drakes (Lair:8)
  4 ice beasts
  7 sky beasts
  33 ogres
  3 necrophages
  3 phantoms
  12 wolves
  10 centaurs
  14 crocodiles
  2 gnoll sergeants (D:10)
  21 giant frogs
  2 wyvern zombies
  A wyvern skeleton (D:13)
  4 scorpions
  5 killer bees (D:9)
  4 wights (D:12)
  A howler monkey (D:14)
  An electric eel (Lair:6)
  3 lava snakes (D:13)
  7 crimson imps
  2 centaur zombies
  3 giant frog zombies
  6 jellies
  6 hounds
  16 orc priests
  A wasp zombie (D:8)
  4 giant frog skeletons
  26 orc wizards
  An iron imp (D:6)
  2 centaur skeletons
  11 iguanas
  Natasha (thrice) (D:2)
  28 worker ants
  22 sheep
  A hound zombie (D:8)
  A hound skeleton (D:8)
  A howler monkey zombie (D:6)
  13 gnolls
  42 river rats
  13 adders
  3 shadow imps
  An ooze (D:2)
  2 adder skeletons
  An adder zombie (D:10)
  4 worms
  2 dart slugs
  4 giant geckos
  121 orcs
  3 ball pythons
  5 bats
  2 giant cockroaches
  10 goblins
  11 hobgoblins
  5 jackals
  A quokka (D:3)
  A giant gecko skeleton (D:4)
  3 giant newts
  A jackal zombie (D:6)
  4 kobolds
  A quokka zombie (D:9)
  7 rats
  5 fungi
  11 plants
872 creatures vanquished.

Vanquished Creatures (others)
  A yak (Lair:8)
  A killer bee (Lair:3)
  A jelly (D:13)
  2 sheep (Lair:8)
  9 fungi
  36 plants
50 creatures vanquished.

Grand Total: 922 creatures vanquished

Notes
Turn   | Place    | Note
--------------------------------------------------------------
     0 | D:1      | imganon the Demonspawn Berserker began the quest for the Orb.
     0 | D:1      | Reached XP level 1. HP: 18/18 MP: 1/1
    65 | D:1      | Reached skill level 3 in Axes
   175 | D:1      | Gained mutation: You regenerate a little health from kills. [demonic ancestry]
   175 | D:1      | Reached XP level 2. HP: 24/24 MP: 2/2
   535 | D:2      | Reached ** piety under Trog
   543 | D:2      | Found a deep blue altar of Sif Muna.
   607 | D:2      | Noticed Natasha
   617 | D:2      | Killed Natasha
   617 | D:2      | Reached skill level 4 in Axes
   617 | D:2      | Gained mutation: When hurt, damage is shared between your health and your magic reserves. [demonic ancestry]
   617 | D:2      | Reached XP level 3. HP: 17/29 MP: 3/3
   671 | D:2      | Found a radiant altar of Vehumet.
  1053 | D:2      | Gained mutation: You regenerate magic rapidly. [demonic ancestry]
  1053 | D:2      | Reached XP level 4. HP: 35/35 MP: 4/4
  1074 | D:2      | Noticed Natasha
  1085 | D:2      | Killed Natasha
  1106 | D:2      | Found a blossoming altar of Fedhas.
  1242 | D:2      | Reached skill level 5 in Axes
  1763 | D:3      | Noticed an ogre
  1769 | D:3      | Killed an ogre
  1769 | D:3      | Gained mutation: You are partially covered in yellow scales (AC +2). [demonic ancestry]
  1769 | D:3      | Reached XP level 5. HP: 36/41 MP: 3/5
  1804 | D:3      | Reached *** piety under Trog
  1890 | D:3      | Received a gift from Trog
  1899 | D:3      | Found a shimmering altar of Xom.
  1906 | D:3      | Reached skill level 6 in Axes
  2135 | D:4      | Gained mutation: You regenerate health from kills. [demonic ancestry]
  2135 | D:4      | Reached XP level 6. HP: 39/47 MP: 6/6
  2262 | D:4      | Found Inoll's Magic Scroll Shop.
  2270 | D:4      | Bought a scroll of noise for 14 gold pieces
  2270 | D:4      | Bought a scroll of identify for 28 gold pieces
  2270 | D:4      | Bought a scroll of teleportation for 42 gold pieces
  2270 | D:4      | Bought a scroll of remove curse for 42 gold pieces
  2491 | D:4      | Found a staircase to the Ecumenical Temple.
  2752 | D:5      | Entered Level 5 of the Dungeon
  2911 | D:5      | Reached skill level 7 in Axes
  3094 | D:5      | Noticed bollicks1999's ghost (amateur OpAs)
  3103 | D:5      | Killed bollicks1999's ghost
  3103 | D:5      | Gained mutation: You have a pair of small horns on your head. [demonic ancestry]
  3103 | D:5      | Reached XP level 7. HP: 52/52 MP: 5/7
  3221 | D:2      | Noticed Natasha
  3231 | D:2      | Killed Natasha
  3330 | D:5      | Reached skill level 8 in Axes
  3654 | D:6      | Found a sparkling altar of Nemelex Xobeh.
  3700 | D:6      | Reached **** piety under Trog
  3766 | D:6      | Noticed Prince Ribbit
  3781 | D:6      | Killed Prince Ribbit
  3781 | D:6      | Reached skill level 9 in Axes
  3781 | D:6      | Reached XP level 8. HP: 44/58 MP: 8/8
  3893 | D:6      | Noticed Grinder
  3905 | D:6      | Killed Grinder
  3905 | D:6      | Reached skill level 10 in Axes
  4138 | D:6      | Found a snail-covered altar of Cheibriados.
  4224 | D:6      | Noticed Menkaure
  4246 | D:6      | Reached skill level 11 in Axes
  4252 | D:6      | Noticed a troll
  4343 | D:6      | Reached XP level 9. HP: 47/63 MP: 9/9
  4376 | D:6      | Killed Menkaure
  4494 | D:6      | Reached skill level 12 in Axes
  4554 | D:6      | Killed a troll
  4847 | D:7      | Reached ***** piety under Trog
  4905 | D:7      | Found Fem Jat's Food Shoppe.
  4920 | D:7      | Noticed zkyp's ghost (novice OgFi)
  4933 | D:7      | Killed zkyp's ghost
  4933 | D:7      | Reached skill level 13 in Axes
  4937 | D:7      | Gained mutation: You have a pair of horns on your head. [demonic ancestry]
  4937 | D:7      | Reached XP level 10. HP: 63/70 MP: 10/10
  5098 | D:7      | Found an iron altar of Okawaru.
  5467 | D:8      | Noticed a hill giant
  5472 | D:8      | Killed a hill giant
  6138 | D:9      | Reached skill level 14 in Axes
  6353 | D:9      | Found a sacrificial altar of Ru.
  6713 | D:9      | Reached skill level 1 in Evocations
  7077 | D:10     | Entered Level 10 of the Dungeon
  7138 | D:10     | Found Nebojy's Food Boutique.
  7146 | D:10     | Found Hoinnuma's Weapon Boutique.
  7150 | D:10     | Bought a +2 hand axe of flaming for 191 gold pieces
  7162 | D:10     | Received a gift from Trog
  7181 | D:10     | Noticed a seven-headed hydra
  7195 | D:10     | Killed a three-headed hydra
  7445 | D:10     | Reached XP level 11. HP: 45/75 MP: 13/13
  7482 | D:10     | Noticed BenSoosneb's ghost (novice SpEn)
  7555 | D:10     | Noticed a hill giant
  7690 | D:10     | Killed a hill giant
  8410 | D:10     | Killed BenSoosneb's ghost
  8437 | D:10     | Found Cuaseon's Gadget Boutique.
  8491 | D:10     | Found a staircase to the Orcish Mines.
  8512 | D:10     | Reached skill level 15 in Axes
  8518 | D:10     | Received a gift from Trog
  8561 | D:10     | Found Guixt's Book Emporium.
  8719 | D:10     | Noticed Fannar
  8742 | D:10     | Killed Fannar
  8821 | D:10     | Found a staircase to the Lair.
  8975 | D:10     | Reached skill level 5 in Evocations
  9041 | Lair:1   | Entered Level 1 of the Lair of Beasts
  9263 | Lair:1   | Noticed an oklob plant
 10317 | Lair:2   | Reached skill level 16 in Axes
 10331 | Lair:2   | Gained mutation: You are mostly covered in yellow scales (AC +3). [demonic ancestry]
 10331 | Lair:2   | Reached XP level 12. HP: 39/81 MP: 2/17
 10433 | Lair:2   | Reached ****** piety under Trog
 11512 | Lair:3   | Found a hole to the Spider Nest.
 11529 | Lair:3   | Received a gift from Trog
 12231 | Lair:4   | Got a pair of distressingly furry gloves
 12310 | Lair:3   | Got a pitted chain mail
 12316 | Lair:3   | Identified the +0 pair of gloves "Igou" {rElec rCorr Str+5 Dex+4} (You found it on level 4 of the Lair of Beasts)
 12326 | Lair:3   | Identified the cursed +1 chain mail "Fippavah" {rElec Dex+4} (You found it on level 3 of the Lair of Beasts)
 12511 | Lair:4   | Received a gift from Trog
 12521 | Lair:4   | Reached skill level 17 in Axes
 13242 | Lair:5   | Noticed a four-headed hydra
 13251 | Lair:5   | Killed a one-headed hydra
 13804 | Lair:6   | Reached XP level 13. HP: 83/86 MP: 8/19
 13854 | Lair:6   | Received a gift from Trog
 14398 | Lair:6   | Received a gift from Trog
 14403 | Lair:6   | Found a staircase to the Swamp.
 14711 | Lair:7   | Reached skill level 10 in Evocations
 14759 | Lair:7   | Received a gift from Trog
 14804 | Lair:7   | Reached skill level 5 in Fighting
 14864 | Lair:7   | Reached skill level 18 in Axes
 15188 | Lair:7   | Found a frozen archway.
 15467 | Lair:8   | Entered Level 8 of the Lair of Beasts
 15748 | Lair:8   | Noticed Snorg
 15754 | Lair:8   | Killed Snorg
 15754 | Lair:8   | Reached XP level 14. HP: 100/100 MP: 9/22
 15790 | Lair:8   | Reached skill level 5 in Armour
 15825 | Lair:8   | Found a viscous altar of Jiyva.
 15826 | Lair:8   | Found a staircase to the Slime Pits.
 16203 | Lair:8   | Received a gift from Trog
 16712 | Orc:1    | Entered Level 1 of the Orcish Mines
 16832 | Orc:2    | Entered Level 2 of the Orcish Mines
 16895 | Orc:2    | Noticed a stone giant
 16919 | Orc:2    | Killed a stone giant
 16937 | Orc:1    | Received a gift from Trog
 16949 | Orc:1    | Noticed Erica
 17001 | Orc:1    | Killed Erica
 17091 | Orc:2    | Found a staircase to the Elven Halls.
 17241 | Orc:1    | Received a gift from Trog
 17304 | Orc:1    | Got a steaming battleaxe {god gift}
 17305 | Orc:1    | Identified the +5 battleaxe of Temperance {flame, Int+7 Stlth+} (Trog gifted it to you on level 1 of the Orcish Mines)
 17457 | Orc:2    | Found Avaocleq's Antique Armour Boutique.
 17457 | Orc:2    | Found Wuyjuqeh's Weapon Emporium.
 17493 | Orc:2    | Received a gift from Trog
 17503 | Orc:2    | Found Quff's Food Shop.
 17503 | Orc:2    | Found Hiyn Bedubb's Book Emporium.
 17868 | D:11     | Identified the Catalogue of Heresy
 18260 | D:11     | Reached skill level 10 in Fighting
 18526 | D:12     | Found a labyrinth entrance.
 18531 | Lab      | Entered a labyrinth
 18893 | Lab      | Received a gift from Trog
 18898 | Lab      | Got a smoking cloak
 18909 | Lab      | Identified the +0 cloak of Midwinter {rPois rN+ MP+9 Int-3} (You found it in a labyrinth)
 18912 | Lab      | Identified a -1 rod of shadows (14/14) (You found it in a labyrinth)
 18956 | D:12     | Gained mutation: Your flesh is heat resistant. [demonic ancestry]
 18956 | D:12     | Reached XP level 15. HP: 115/115 MP: 13/23
 18980 | D:12     | Noticed Bubs's ghost (journeyman FoFi)
 19020 | D:12     | Killed Bubs's ghost
 19688 | D:13     | Found an ancient bone altar of Kikubaaqudgha.
 19802 | D:13     | Received a gift from Trog
 20022 | D:13     | Noticed Nessos
 20023 | D:13     | Noticed Maud
 20037 | D:13     | Killed Maud
 20332 | D:13     | Noticed Kirke
 20342 | D:13     | Killed Kirke
 20780 | D:14     | Killed Nessos
 20780 | D:14     | Reached skill level 10 in Armour
 20999 | D:14     | Found a gate to the Vaults.
 21054 | D:14     | Got a topaz-studded plate armour
 21065 | D:14     | Identified the cursed +1 plate armour of the Pink Corner {rC+ rN++ rCorr Int-2} (You found it on level 14 of the Dungeon)
 21126 | D:14     | Found a shadowy altar of Dithmenos.
 21329 | D:14     | Received a gift from Trog
 21683 | D:15     | Entered Level 15 of the Dungeon
 21948 | D:15     | HP: 1/119 [yaktaur/bolt (14)]
 21948 | D:15     | Shot with a bolt by a yaktaur

Skill      XL: |  1  2  3  4  5  6  7  8  9 10 11 12 13 14 15 |
---------------+----------------------------------------------+-----
Axes           | 3 4 5 6 7 9 11 13 14 16 17 18 | 18.8
Evocations     | 3 6 9 10 | 10.7
Armour         | 4 8 10 | 10.1
Fighting       | 6 10 11 | 11.4
Dodging        | |  1.7

Action                   |  1- 3 |  4- 6 |  7- 9 | 10-12 | 13-15 || total
-------------------------+-------+-------+-------+-------+-------++-------
Melee: Hand axe          |    88 |   218 |       |    19 |    14 ||   339
       War axe           |       |    11 |   250 |       |       ||   261
       Headbutt          |       |       |    49 |   180 |   314 ||   543
       Battleaxe         |       |       |    15 |  1454 |  1050 ||  2519
Throw: Tomahawk          |       |     1 |       |       |       ||     1
Invok: Berserk           |       |     3 |     6 |     9 |     7 ||    25
       Burn Spellbooks   |       |     1 |       |     2 |     3 ||     6
       Trog's Hand       |       |       |       |       |     1 ||     1
Evoke: Wand              |       |       |       |    18 |     3 ||    21
  Use: Scroll            |       |       |     1 |    13 |     9 ||    23
       Potion            |       |       |       |     8 |       ||     8
 Stab: Paralysed         |       |       |       |     3 |       ||     3
  Eat: Chunk             |       |     9 |    13 |    30 |    12 ||    64
       Bread ration      |       |       |       |     6 |       ||     6
       Fruit             |       |       |       |     4 |     3 ||     7
       Pizza             |       |       |       |     2 |     1 ||     3
       Meat ration       |       |       |       |     1 |     2 ||     3
       Beef jerky        |       |       |       |     1 |     3 ||     4
       Royal jelly       |       |       |       |       |     1 ||     1
Armor: Scale mail        |    51 |    80 |    38 |       |       ||   169
       Animal skin       |     1 |       |       |       |       ||     1
       Plate armour      |       |       |   102 |   925 |   749 ||  1776
Dodge: Dodged            |    45 |   105 |    69 |   369 |   384 ||   972
